[Event "Monday Night Engine Tour 11 rd Swiss 5m+1s Starts at 2200hrs ST"]
[Site "Infinity Chess"]
[Date "2018.4.23"]
[Round "1"]
[White "Deep_Impact"]
[Black "star99"]
[Result "1/2-1/2"]
[ECO "B53"]
[WhiteElo "2522"]
[BlackElo "2463"]
[WhiteEngine "BrainFish_180411_x64_bmi2"]
[BlackEngine "Cryptic Heroes 9.4B"]
[EventType "Swiss"]
[WhiteTeam ""]
[BlackTeam ""]
[PlyCount "49"]
[TimeControl "300+1"]

1. e4 c5 2. Nf3 d6 3. d4 Nf6 4. Nc3 cxd4 5. Nxd4 Nc6 6. Bg5 e6 7. Qd2 Be7 
8. O-O-O O-O 9. f4 Nxd4 10. Qxd4 Qa5 11. Bb5 Rd8 12. Qa4 Qxa4 13. Bxa4 h6 
14. Bh4 Kf8 15. e5 Ng4 16. Bxe7+ Kxe7 17. Rhe1 dxe5 18. Rxd8 Kxd8 19. fxe5 Nxh2 
20. Re4 g5 21. Rd4+ Ke7 22. Rc4 Kd8 23. Rd4+ Ke7 24. Rc4 Kd8 25. Rd4+ 1/2-1/2

[Event "Monday Night Engine Tour 11 rd Swiss 5m+1s Starts at 2200hrs ST"]
[Site "Infinity Chess"]
[Date "2018.4.23"]
[Round "1"]
[White "ocirema"]
[Black "Murx"]
[Result "1/2-1/2"]
[ECO "B52"]
[WhiteElo "2469"]
[BlackElo "2563"]
[WhiteEngine "Eman 1.70-beta21 64-bit POPCNT_CTG"]
[BlackEngine "asmFishW_2018-04-07_popcnt"]
[EventType "Swiss"]
[WhiteTeam ""]
[BlackTeam ""]
[PlyCount "152"]
[TimeControl "300+1"]

1. e4 c5 2. Nf3 d6 3. Bb5+ Bd7 4. c4 Nf6 5. Nc3 a6 6. Bxd7+ Nbxd7 7. O-O e6 
8. d4 cxd4 9. Nxd4 Rc8 10. Qe2 Qc7 11. b3 Be7 12. Bb2 O-O 13. Rad1 h6 14. f4 Nc5 
15. e5 dxe5 16. fxe5 Nh7 17. b4 Nd7 18. c5 Qxe5 19. Nxe6 fxe6 20. Rxd7 Rxf1+ 
21. Kxf1 Rf8+ 22. Kg1 Qxe2 23. Nxe2 Rf7 24. Rd1 Bg5 25. Bc1 Bf6 26. Rd3 Bh4 
27. g3 Bf6 28. Be3 Rc7 29. Kg2 Nf8 30. a3 Kf7 31. Kf3 Ng6 32. Bd4 Bxd4 
33. Rxd4 Ne5+ 34. Ke3 g5 35. Nc1 Ke7 36. Nb3 Nc6 37. Rd2 Rc8 38. Nd4 Ne5 
39. Ke4 Nc4 40. Ra2 e5 41. Nb3 Rd8 42. a4 Rd1 43. b5 axb5 44. axb5 Ke6 
45. b6 Re1+ 46. Kd3 Kd5 47. Kc3 Re3+ 48. Kb4 Re4 49. Kb5 Re3 50. Na5 Nxa5 
51. Rd2+ Ke4 52. Kxa5 Rc3 53. Kb4 Rc1 54. h3 Rb1+ 55. Kc4 Rc1+ 56. Kb5 Rb1+ 
57. Ka4 Rc1 58. Rd7 Rxc5 59. Rc7 Rd5 60. Rxb7 Rd1 61. Re7 Rb1 62. Ka5 Kd4 
63. b7 e4 64. Ka6 e3 65. Ka7 Ra1+ 66. Kb6 Rb1+ 67. Kc7 Kd3 68. Rd7+ Ke4 
69. b8=Q Rxb8 70. Kxb8 e2 71. Re7+ Kd3 72. g4 Kd2 73. Rd7+ Ke3 74. Re7+ Kd2 
75. Rd7+ Ke3 76. Re7+ Kd2 1/2-1/2

[Event "Monday Night Engine Tour 11 rd Swiss 5m+1s Starts at 2200hrs ST"]
[Site "Infinity Chess"]
[Date "2018.4.23"]
[Round "1"]
[White "Victorious"]
[Black "Coco69"]
[Result "1/2-1/2"]
[ECO "C50"]
[WhiteElo "2565"]
[BlackElo "2474"]
[WhiteEngine "Cfish_x64_180418_NUMA_ELTO_popcnt"]
[BlackEngine "BrainFish_180418_x64_CTG"]
[EventType "Swiss"]
[WhiteTeam ""]
[BlackTeam ""]
[PlyCount "109"]
[TimeControl "300+1"]

1. e4 e5 2. Nf3 Nc6 3. Bc4 Bc5 4. O-O Nf6 5. d3 d6 6. c3 O-O 7. Re1 a5 
8. Nbd2 h6 9. Nf1 a4 10. h3 Ra5 11. Ng3 b5 12. b4 axb3 13. Bxb3 Be6 14. Rb1 Bb6 
15. d4 Bxb3 16. axb3 Re8 17. Be3 Ra2 18. Rc1 Qa8 19. Nh4 Kh7 20. Nh5 Qd8 
21. Nf5 Nxh5 22. Qxh5 Qf6 23. dxe5 Rxe5 24. Bxb6 cxb6 25. f4 Re6 26. Qf3 b4 
27. Red1 d5 28. Rxd5 Ne7 29. Nxe7 Qxe7 30. cxb4 Qxb4 31. e5 Rg6 32. g3 Rc6 
33. Rdd1 Rxc1 34. Qd3+ g6 35. Rxc1 Rb2 36. Qd5 Qxb3 37. Qxb3 Rxb3 38. Kg2 b5 
39. Rc7 Rb2+ 40. Kf3 Rb3+ 41. Ke2 Kg8 42. Kf2 b4 43. Rb7 Rb1 44. Ke3 b3 
45. Kd2 b2 46. Rb8+ Kg7 47. Rb6 Rg1 48. Rxb2 Rg2+ 49. Kc1 Rxg3 50. Rb7 Rxh3 
51. f5 Re3 52. e6 gxf5 53. exf7 f4 54. f8=Q+ Kxf8 55. Kd2 1/2-1/2

[Event "Monday Night Engine Tour 13 Rd Swiss 3m+1s Starts at 2200hrs ST"]
[Site "Infinity Chess"]
[Date "2018.4.10"]
[Round "13"]
[White "OlivierEvan"]
[Black "BlitzMaster"]
[Result "1/2-1/2 "]
[ECO "A01"]
[WhiteElo "2457"]
[BlackElo "2535"]
[WhiteEngine "Houdini 6"]
[BlackEngine "asmFishW_2018-04-01_bmi2_CTG"]
[EventType "Swiss"]
[WhiteTeam ""]
[BlackTeam ""]
[PlyCount "76"]
[TimeControl "180+1"]

1. b3 e5 2. Nf3 e4 3. Ng1 d5 4. e3 Nf6 5. d4 Bd6 6. c4 O-O 7. Nc3 c6 8. Nge2 Na6 
9. Nf4 Re8 10. Be2 b6 11. O-O Nc7 12. Bb2 Bxf4 13. exf4 dxc4 14. bxc4 Ne6 
15. d5 cxd5 16. Nxd5 Nxd5 17. Qxd5 Nxf4 18. Qxa8 Nxe2+ 19. Kh1 Nf4 20. Qc6 Bg4 
21. Rae1 Nd3 22. Bc1 Nxe1 23. Rxe1 h6 24. Be3 Qc8 25. Qb5 Be6 26. c5 bxc5 
27. Qxc5 a6 28. a3 Qxc5 29. Bxc5 Rc8 30. Rc1 g5 31. Be3 Rxc1+ 32. Bxc1 Kg7 
33. Kg1 Kg6 34. f3 exf3 35. gxf3 Bd7 36. Bd2 h5 37. Bc3 h4 38. Kf2 Kf5 1/2-1/2

[Event "Monday Night Engine Tour 13 Rd Swiss 3m+1s Starts at 2200hrs ST"]
[Site "Infinity Chess"]
[Date "2018.4.10"]
[Round "13"]
[White "TasicV"]
[Black "MGR"]
[Result "1-0 "]
[ECO "C11"]
[WhiteElo "2389"]
[BlackElo "2503"]
[WhiteEngine "SugaR.XPrO.1.4.64.POCNT_CTG"]
[BlackEngine "Eman 1.70-beta15 64-bit BMI2"]
[EventType "Swiss"]
[WhiteTeam ""]
[BlackTeam ""]
[PlyCount "98"]
[TimeControl "180+1"]

1. e4 e6 2. d4 d5 3. Nc3 Nf6 4. e5 Nfd7 5. f4 c5 6. Nf3 Nc6 7. Be3 Qb6 
8. Na4 Qa5+ 9. c3 cxd4 10. b4 Nxb4 11. cxb4 Bxb4+ 12. Bd2 Bxd2+ 13. Nxd2 b6 
14. Bd3 Nc5 15. Nxc5 bxc5 16. O-O Bd7 17. Rb1 g6 18. Rb7 c4 19. Bxc4 Bc6 
20. Rb2 dxc4 21. Nxc4 Qd5 22. Nd6+ Ke7 23. Qe1 d3 24. Qh4+ Kd7 25. Rd2 Qd4+ 
26. Kh1 Rab8 27. Qf6 Rhf8 28. f5 Bd5 29. h3 Qc5 30. Rfd1 gxf5 31. Rxd3 Rb2 
32. Rxd5 exd5 33. Qxf5+ Kc7 34. Qf6 Kb8 35. e6 Qxd6 36. Qxb2+ Ka8 37. exf7 Rxf7 
38. Qh8+ Qb8 39. Qxb8+ Kxb8 40. Rxd5 Kc7 41. g4 Kc6 42. Ra5 Rc7 43. Kg2 Kd7 
44. Ra6 Ke8 45. h4 h5 46. gxh5 Kf7 47. a4 Kg8 48. Kg3 Rc1 49. Rxa7 Rc4 1-0

[Event "Monday Night Engine Tour 13 Rd Swiss 3m+1s Starts at 2200hrs ST"]
[Site "Infinity Chess"]
[Date "2018.4.10"]
[Round "13"]
[White "koalachess"]
[Black "Vimtiroba"]
[Result "0-1"]
[ECO "C53"]
[WhiteElo "2391"]
[BlackElo "2526"]
[WhiteEngine "stockfish_9_x64_popcnt_CTG"]
[BlackEngine "SF9 ''A6''_CTG"]
[EventType "Swiss"]
[WhiteTeam ""]
[BlackTeam ""]
[PlyCount "166"]
[TimeControl "180+1"]

1. e4 e5 2. Nf3 Nc6 3. Bc4 Bc5 4. c3 Nf6 5. d4 exd4 6. cxd4 Bb4+ 7. Bd2 Bxd2+ 
8. Nbxd2 d5 9. exd5 Nxd5 10. O-O O-O 11. Rc1 Bg4 12. h3 Bh5 13. Bxd5 Qxd5 
14. Rc5 Bxf3 15. Rxd5 Bxd1 16. Rxd1 Rad8 17. Rxd8 Rxd8 18. Nf3 f6 19. Kf1 g5 
20. Rc1 h5 21. a3 Rd5 22. Rc5 Rxc5 23. dxc5 Kf7 24. Ke2 Ke6 25. Nd2 Kd5 
26. Ke3 Nd4 27. g3 f5 28. h4 f4+ 29. Kd3 gxh4 30. gxh4 Nc6 31. Nf3 a5 32. b3 Nb8 
33. b4 axb4 34. axb4 Nc6 35. Kc3 Ne7 36. Nd2 Ng6 37. Nf3 Ke4 38. Nd2+ Kd5 
39. Nf3 Ke4 40. Nd2+ Kf5 41. b5 Nxh4 42. b6 cxb6 43. cxb6 Ke5 44. Kd3 Nf5 
45. Nf3+ Kd5 46. Ng5 Nd4 47. f3 Ne6 48. Nh3 h4 49. Nf2 Ng5 50. Ke2 h3 
51. Ng4 Kc5 52. Kf2 Kxb6 53. Ne5 Kc5 54. Nd7+ Kd4 55. Nb6 Nxf3 56. Kxf3 h2 
57. Kg2 f3+ 58. Kxh2 Ke3 59. Nd5+ Kf2 60. Nf4 b5 61. Kh3 b4 62. Nd3+ Ke2 
63. Nf4+ Kd2 64. Kg3 b3 65. Kxf3 b2 66. Ke4 b1=Q+ 67. Ke5 Qe1+ 68. Kd5 Qe8 
69. Ne6 Qd7+ 70. Ke5 Ke3 71. Kf6 Qb5 72. Ng5 Qf1+ 73. Ke6 Qf4 74. Nf7 Kd4 
75. Nd6 Qe5+ 76. Kd7 Kd5 77. Nb7 Qg7+ 78. Kc8 Kc6 79. Na5+ Kb5 80. Nb3 Qe7 
81. Nc5 Kxc5 82. Kb8 Kc6 83. Kc8 Qc7# 0-1

[Event "Monday Night Engine Tour 13 Rd Swiss 3m+1s Starts at 2200hrs ST"]
[Site "Infinity Chess"]
[Date "2018.4.10"]
[Round "13"]
[White "Deep_Impact"]
[Black "Coco69"]
[Result "1/2-1/2"]
[ECO "C77"]
[WhiteElo "2527"]
[BlackElo "2472"]
[WhiteEngine "asmFishW_2018-04-07_bmi2"]
[BlackEngine "asmFishW_2018-04-08_popcnt_CTG"]
[EventType "Swiss"]
[WhiteTeam ""]
[BlackTeam ""]
[PlyCount "105"]
[TimeControl "180+1"]

1. e4 e5 2. Nf3 Nc6 3. Bb5 a6 4. Ba4 Nf6 5. O-O Be7 6. Re1 b5 7. Bb3 O-O 
8. c3 d5 9. exd5 Nxd5 10. Nxe5 Nxe5 11. Rxe5 c6 12. Re1 Bd6 13. d3 Bf5 
14. Qf3 Qh4 15. g3 Qh3 16. Be3 Bxd3 17. Nd2 Qf5 18. a4 h6 19. Bd4 Rfe8 
20. Kg2 Qxf3+ 21. Kxf3 Rxe1 22. Rxe1 bxa4 23. Bxa4 c5 24. Be5 Bf8 25. Bb3 Nb6 
26. Bc7 c4 27. Bxb6 cxb3 28. Ra1 f6 29. Ke3 Bf5 30. f3 Bc2 31. Nc4 Rc8 
32. Kd4 h5 33. Ne3 Rc6 34. Ba7 Rd6+ 35. Nd5 Re6 36. Nf4 Re8 37. Bc5 Bxc5+ 
38. Kxc5 Re3 39. Rxa6 Rxf3 40. Kb4 h4 41. Ra8+ Kh7 42. Re8 hxg3 43. hxg3 Rxg3 
44. c4 Rg4 45. Nd5 f5 46. Kc3 Re4 47. Rxe4 Bxe4 48. Kxb3 Kg6 49. Kb4 Bxd5 
50. cxd5 f4 51. Kc4 Kf6 52. b4 f3 53. Kd3 1/2-1/2

[Event "Monday Night Engine Tour 13 Rd Swiss 3m+1s Starts at 2200hrs ST"]
[Site "Infinity Chess"]
[Date "2018.4.10"]
[Round "13"]
[White "Dovahkiin"]
[Black "RonWeasley"]
[Result "1/2-1/2"]
[ECO "C02"]
[WhiteElo "2422"]
[BlackElo "2521"]
[WhiteEngine "Raubfisch ME262_GTZ16f_CTG"]
[BlackEngine "BrainFish 090218_CTG"]
[EventType "Swiss"]
[WhiteTeam ""]
[BlackTeam ""]
[PlyCount "171"]
[TimeControl "180+1"]

1. e4 e6 2. d4 d5 3. e5 c5 4. c3 Nc6 5. Nf3 Qb6 6. a3 f6 7. Bd3 fxe5 
8. dxe5 Nge7 9. c4 dxc4 10. Bxc4 Nf5 11. O-O Be7 12. Bd3 O-O 13. Nc3 a6 
14. Re1 Qc7 15. Be4 Rb8 16. Ne2 Nxe5 17. Nxe5 Qxe5 18. Ng3 Qd6 19. Nxf5 exf5 
20. Bd5+ Kh8 21. Qf3 Qc7 22. b4 Bd6 23. bxc5 Qxc5 24. Be3 Qa5 25. Ba7 Ra8 
26. Bd4 Bd7 27. Bxb7 Rae8 28. Rec1 Be5 29. Bxe5 Rxe5 30. Qd1 Rd8 31. Qd6 Re6 
32. Qf4 Be8 33. h3 h6 34. Rab1 Kh7 35. Rc7 Rd7 36. Rxd7 Bxd7 37. Rd1 Be8 
38. Bd5 Rf6 39. Rd3 Bc6 40. Bxc6 Rxc6 41. g3 Re6 42. Kg2 Qb5 43. Qf3 Re5 
44. Rd6 a5 45. Rd1 Qc4 46. Rd6 Qe4 47. Ra6 Qc4 48. Ra7 Qd4 49. Rf7 Kg6 
50. Rf8 Qc4 51. Rd8 Kh7 52. Rd6 Qa4 53. h4 Qb5 54. Rd2 Qa4 55. Rd6 Qb5 
56. Rd4 Qe8 57. a4 Qc8 58. Rd5 Qe8 59. Rxe5 Qxe5 60. Qd3 Kg6 61. f3 Qc5 
62. Qb5 Qxb5 63. axb5 a4 64. b6 a3 65. b7 a2 66. b8=Q a1=Q 67. Qb6+ Kh7 
68. Qb5 Qa2+ 69. Kh3 Qc2 70. h5 Kg8 71. Qa6 Kf8 72. Qa8+ Kf7 73. Qb7+ Kg8 
74. Qb8+ Kf7 75. Qe5 Kg8 76. f4 Qe4 77. Qxe4 fxe4 78. Kg2 Kf7 79. Kf2 Kf6 
80. g4 Ke6 81. Ke3 Kd5 82. g5 hxg5 83. fxg5 Ke5 84. h6 gxh6 85. gxh6 Kf6 86. h7 
1/2-1/2

[Event "Monday Night Engine Tour 13 Rd Swiss 3m+1s Starts at 2200hrs ST"]
[Site "Infinity Chess"]
[Date "2018.4.10"]
[Round "13"]
[White "ocirema"]
[Black "SkyPilot"]
[Result "1/2-1/2 "]
[ECO "A46"]
[WhiteElo "2511"]
[BlackElo "2461"]
[WhiteEngine "asmFishW_2018-04-08_popcnt_CTG"]
[BlackEngine "stockfish_x64_bmi2_2018_04_07_CTG"]
[EventType "Swiss"]
[WhiteTeam ""]
[BlackTeam ""]
[PlyCount "190"]
[TimeControl "180+1"]

1. d4 Nf6 2. Nf3 d5 3. c4 c6 4. e3 e6 5. Nbd2 Nbd7 6. b3 Bd6 7. Bb2 O-O 
8. Bd3 b6 9. O-O Bb7 10. Re1 Qc7 11. e4 dxe4 12. Nxe4 Nxe4 13. Rxe4 Be7 
14. Rg4 g6 15. Ng5 Nf6 16. Rh4 Nd5 17. Bc1 Nf6 18. Bf4 Bd6 19. Bxd6 Qxd6 
20. Qd2 h5 21. Nf3 Rfe8 22. Re1 c5 23. Ne5 Qf8 24. dxc5 bxc5 25. Rf4 Qg7 
26. h4 Rad8 27. Qa5 Rc8 28. Qxa7 Re7 29. Qb6 Rec7 30. Bxg6 Kh8 31. Rxf6 Qxf6 
32. Bxh5 Rg8 33. Bg4 Qe7 34. h5 Kh7 35. a4 Rcc8 36. Rd1 Bxg2 37. Kxg2 Qg5 
38. Re1 Qf4 39. Kf1 Rxg4 40. Nxg4 Qxg4 41. Qb7 Qxh5 42. Qe4+ Kg7 43. Re3 Rd8 
44. Rd3 Rxd3 45. Qxd3 Qh1+ 46. Ke2 Qa1 47. Qe3 Kg6 48. Qg3+ Kf6 49. Qh4+ Kg6 
50. Qg4+ Kf6 51. Qf4+ Kg6 52. Qg4+ Kf6 53. Qh4+ Kg6 54. Qg3+ Kf5 55. Qd3+ Kg5 
56. Qg3+ Kf6 57. Qf4+ Kg6 58. Qe3 Qa3 59. Kf3 Qb4 60. Kf4 Qb8+ 61. Qe5 Qb6 
62. Qg5+ Kh7 63. Qf6 Kg8 64. Qc3 Qd6+ 65. Ke3 Kf8 66. b4 cxb4 67. c5 Qd1 
68. Qxb4 Qc1+ 69. Ke4 Qh1+ 70. Ke3 Qc1+ 71. Ke4 Qh1+ 72. Ke5 Qd5+ 73. Kf4 f5 
74. a5 Kf7 75. Ke3 e5 76. f4 e4 77. Qc3 Qd1 78. Kf2 Qg4 79. Qb3+ Kf8 80. Qg3 Qd1 
81. Qc3 Qg4 82. c6 Qxf4+ 83. Ke2 Ke7 84. Qg7+ Ke6 85. Qd7+ Kf6 86. c7 Qf3+ 
87. Kd2 e3+ 88. Kc2 Qe4+ 89. Kd1 e2+ 90. Ke1 Qb1+ 91. Kxe2 Qe4+ 92. Kd2 Qb4+ 
93. Kc1 Qc4+ 94. Kb1 Qb4+ 95. Ka1 Qa3+ 1/2-1/2

[Event "Monday Night Engine Tour 13 Rd Swiss 3m+1s Starts at 2200hrs ST"]
[Site "Infinity Chess"]
[Date "2018.4.10"]
[Round "13"]
[White "MCDermont"]
[Black "MarioDeMonti"]
[Result "1-0"]
[ECO "C55"]
[WhiteElo "2550"]
[BlackElo "2496"]
[WhiteEngine "BrainFish 090218"]
[BlackEngine "stockfish_x64_bmi2_2018_02_18_CTG"]
[EventType "Swiss"]
[WhiteTeam ""]
[BlackTeam ""]
[PlyCount "161"]
[TimeControl "180+1"]

1. e4 e5 2. Nf3 Nc6 3. Bc4 Nf6 4. d3 Bc5 5. c3 d6 6. O-O O-O 7. Nbd2 a5 
8. Re1 h6 9. Nf1 a4 10. h3 Bd7 11. Bb5 Ne7 12. Bxd7 Qxd7 13. Ng3 Bb6 14. d4 Rfe8 
15. Be3 Qb5 16. Rb1 exd4 17. cxd4 d5 18. e5 Ne4 19. Nh4 Nxg3 20. fxg3 g5 
21. Kh1 Qd7 22. Nf3 f6 23. g4 Rf8 24. Bg1 Ng6 25. exf6 Rxf6 26. b3 axb3 
27. Rxb3 Qa4 28. Ne5 Nf4 29. Be3 Qe8 30. Qb1 Re6 31. Rb5 Rd8 32. Bxf4 gxf4 
33. Rd1 Bxd4 34. Nf3 Bg7 35. Rbxd5 Rxd5 36. Rxd5 b6 37. g5 c6 38. Rd1 b5 
39. Qb3 Kh7 40. Qb4 Re2 41. Qxf4 h5 42. a3 Qe6 43. a4 Qe4 44. g6+ Qxg6 
45. Ng5+ Kg8 46. a5 Qe8 47. Qg3 Re7 48. Nf3 c5 49. a6 c4 50. Qg5 c3 51. Qc5 Bf6 
52. Ra1 c2 53. Rc1 b4 54. Qxc2 Kg7 55. Qc4 Re4 56. Qc7+ Re7 57. Qg3+ Kh7 
58. Qd6 Bc3 59. Qc5 Qd7 60. Rf1 Kg8 61. Ng5 Qd3 62. Qc8+ Kg7 63. Qf8+ Kg6 
64. Ne6 Be5 65. Qg8+ Rg7 66. Qxg7+ Bxg7 67. Nf4+ Kh6 68. Nxd3 Bd4 69. Nxb4 Kg5 
70. h4+ Kg4 71. Nd3 Ba7 72. Rf4+ Kg3 73. Rf7 Kg4 74. Rxa7 Kf5 75. Rf7+ Ke6 
76. Rf4 Kd6 77. a7 Ke7 78. a8=Q Kd6 79. Qb7 Ke6 80. g3 Kd6 81. Rf6# 1-0

[Event "Monday Night Engine Tour 13 Rd Swiss 3m+1s Starts at 2200hrs ST"]
[Site "Infinity Chess"]
[Date "2018.4.10"]
[Round "13"]
[White "star99"]
[Black "Victorious"]
[Result "1/2-1/2"]
[ECO "C77"]
[WhiteElo "2460"]
[BlackElo "2577"]
[WhiteEngine "Cryptic Heroes 9.3B"]
[BlackEngine "Cfish_x64_060418_LTO_popcnt"]
[EventType "Swiss"]
[WhiteTeam ""]
[BlackTeam ""]
[PlyCount "85"]
[TimeControl "180+1"]

1. e4 e5 2. Nf3 Nc6 3. Bb5 a6 4. Ba4 Nf6 5. O-O Be7 6. d3 b5 7. Bb3 O-O 
8. Re1 d6 9. c3 Na5 10. Bc2 c5 11. Nbd2 Nc6 12. h3 Re8 13. Nf1 h6 14. Bb3 Be6 
15. Bxe6 fxe6 16. Ng3 Qc7 17. Be3 Rad8 18. a4 b4 19. Rc1 d5 20. exd5 exd5 
21. Nh4 d4 22. cxd4 exd4 23. Bd2 Bd6 24. Rxe8+ Rxe8 25. Ngf5 Qd7 26. g4 Bf8 
27. f4 Nd5 28. Ng6 Ne3 29. Bxe3 dxe3 30. Qc2 Qf7 31. Nxf8 Qxf8 32. Re1 Kh7 
33. Rxe3 Rxe3 34. Nxe3 Qxf4 35. Qxc5 Nd4 36. Ng2 Ne2+ 37. Kh1 Qf1+ 38. Kh2 Qb1 
39. Qf5+ Kh8 40. Qf8+ Kh7 41. Qf5+ Kh8 42. Qf8+ Kh7 43. Qf5+ 1/2-1/2

[Event "Monday Night Engine Tour 13 Rd Swiss 3m+1s Starts at 2200hrs ST"]
[Site "Infinity Chess"]
[Date "2018.4.10"]
[Round "13"]
[White "THE_MACHINE"]
[Black "Thinker"]
[Result "1/2-1/2"]
[ECO "C50"]
[WhiteElo "2576"]
[BlackElo "2484"]
[WhiteEngine "BrainFish_180408_x64_bmi2"]
[BlackEngine "BrainFish_180404_x64_modern_CTG"]
[EventType "Swiss"]
[WhiteTeam ""]
[BlackTeam ""]
[PlyCount "116"]
[TimeControl "180+1"]

1. e4 e5 2. Nf3 Nc6 3. Bc4 Bc5 4. O-O Nf6 5. d3 d6 6. c3 O-O 7. Nbd2 a5 
8. Re1 Be6 9. Bb5 Ne7 10. d4 Ba7 11. h3 Ng6 12. Ba4 Nh5 13. Nf1 c6 14. Bc2 Nhf4 
15. Ng3 f6 16. Be3 d5 17. exd5 Bxd5 18. Nf5 exd4 19. Bxf4 Nxf4 20. N3xd4 Re8 
21. Rxe8+ Qxe8 22. Qd2 Ng6 23. Nb5 Bb8 24. c4 Bf4 25. Qc3 Bxg2 26. Re1 Qf8 
27. Nbd4 Be5 28. Qe3 Nf4 29. Ne2 g5 30. Rd1 Rd8 31. Rxd8 Qxd8 32. Nxf4 gxf4 
33. Qb3 f3 34. c5+ Kf8 35. Qxb7 Qc7 36. Qxc7 Bxc7 37. h4 Bh3 38. Nd4 Bd7 
39. Be4 Be5 40. Nxc6 Bxc6 41. Bxc6 Bxb2 42. Bxf3 Ke7 43. Be4 h6 44. Bf5 Bd4 
45. c6 Kd6 46. Bd7 Bb6 47. Kg2 Ke5 48. Kg3 f5 49. Be8 Bc7 50. Kg2 Bd8 
51. Kf3 Bb6 52. Ke2 Kd6 53. Bd7 Bd8 54. h5 Bb6 55. Be8 Ke5 56. Kd3 Kd5 
57. Ke2 Kd6 58. Kf1 Bc7 1/2-1/2

[Event "Monday Night Engine Tour 13 Rd Swiss 3m+1s Starts at 2200hrs ST"]
[Site "Infinity Chess"]
[Date "2018.4.10"]
[Round "12"]
[White "MGR"]
[Black "Dovahkiin"]
[Result "1/2-1/2"]
[ECO "C26"]
[WhiteElo "2506"]
[BlackElo "2419"]
[WhiteEngine "Eman 1.70-beta15 64-bit BMI2"]
[BlackEngine "Raubfisch ME262_GTZ16f_CTG"]
[EventType "Swiss"]
[WhiteTeam ""]
[BlackTeam ""]
[PlyCount "122"]
[TimeControl "180+1"]

1. e4 e5 2. Nc3 Nf6 3. g3 d5 4. exd5 Nxd5 5. Nf3 Nc6 6. Bg2 Nxc3 7. bxc3 Bc5 
8. O-O O-O 9. Re1 Qf6 10. d3 Bb6 11. Be3 Ba5 12. Bg5 Qd6 13. Bd2 Bb6 14. a4 f6 
15. Bc1 Rd8 16. Qe2 Bg4 17. h3 Bh5 18. g4 Bf7 19. Nd2 Qd7 20. Be4 Rab8 
21. Qf3 Be6 22. Bxc6 bxc6 23. a5 Bc5 24. Ne4 Bf8 25. Kh2 Bd5 26. Be3 Rb2 
27. c4 Bxe4 28. dxe4 Qe6 29. Rab1 Rxc2 30. Rb7 Qd7 31. Rxa7 c5 32. Rc1 Rb2 
33. h4 Qc8 34. Rd1 Bd6 35. a6 Qb8 36. Rb7 Rxb7 37. axb7 Qxb7 38. Bxc5 Qc6 
39. Rd5 Rc8 40. Qf5 Re8 41. Bxd6 cxd6 42. Kg3 Re7 43. h5 h6 44. Kg2 Re8 
45. Qg6 Rf8 46. c5 dxc5 47. Rxe5 Qc7 48. Rd5 Rd8 49. Rxd8+ Qxd8 50. Qf5 Qc7 
51. Qe6+ Kh7 52. Kf1 c4 53. Qe8 c3 54. Qg6+ Kh8 55. Qe8+ Kh7 56. f3 Qc4+ 
57. Ke1 c2 58. Qg6+ Kh8 59. Qe8+ Kh7 60. Qg6+ Kh8 61. Qe8+ Kh7 1/2-1/2

[Event "Monday Night Engine Tour 13 Rd Swiss 3m+1s Starts at 2200hrs ST"]
[Site "Infinity Chess"]
[Date "2018.4.10"]
[Round "12"]
[White "SkyPilot"]
[Black "koalachess"]
[Result "1/2-1/2"]
[ECO "C02"]
[WhiteElo "2464"]
[BlackElo "2388"]
[WhiteEngine "stockfish_x64_bmi2_2018_04_07_CTG"]
[BlackEngine "stockfish_9_x64_popcnt_CTG"]
[EventType "Swiss"]
[WhiteTeam ""]
[BlackTeam ""]
[PlyCount "104"]
[TimeControl "180+1"]

1. e4 e6 2. d4 d5 3. e5 c5 4. c3 Nc6 5. Nf3 Bd7 6. Be2 Nge7 7. O-O cxd4 
8. cxd4 Nf5 9. Nc3 a6 10. g4 Nh4 11. Nxh4 Qxh4 12. f4 Rc8 13. Be3 Na5 
14. Bf2 Qd8 15. f5 Nc4 16. b3 Nxe5 17. Nxd5 Nxg4 18. Bxg4 exd5 19. Re1+ Be7 
20. Bh4 f6 21. Bh5+ Kf8 22. Qf3 Rg8 23. Qxd5 Be8 24. Bf3 g6 25. Bg3 Bc6 
26. Qxd8+ Rxd8 27. Bxc6 bxc6 28. Bf2 gxf5+ 29. Kf1 Rg4 30. Rac1 Rf4 31. Kg2 c5 
32. dxc5 Rd2 33. Rf1 Bd8 34. Kg1 Bc7 35. Bg3 Rg4 36. Rxf5 Bxg3 37. hxg3 Rxg3+ 
38. Kf1 Rh3 39. Rxf6+ Ke7 40. Rf2 Rh1+ 41. Kg2 Rxf2+ 42. Kxh1 Rxa2 43. Rd1 a5 
44. c6 Rb2 45. Rd7+ Ke6 46. b4 axb4 47. Rxh7 b3 48. Rh3 Rb1+ 49. Kg2 Kd6 
50. Rc3 b2 51. Rb3 Kxc6 52. Rb8 Kd5 1/2-1/2

[Event "Monday Night Engine Tour 13 Rd Swiss 3m+1s Starts at 2200hrs ST"]
[Site "Infinity Chess"]
[Date "2018.4.10"]
[Round "12"]
[White "Coco69"]
[Black "Thinker"]
[Result "1/2-1/2"]
[ECO "C50"]
[WhiteElo "2471"]
[BlackElo "2485"]
[WhiteEngine "asmFishW_2018-04-08_popcnt_CTG"]
[BlackEngine "BrainFish_180404_x64_modern_CTG"]
[EventType "Swiss"]
[WhiteTeam ""]
[BlackTeam ""]
[PlyCount "111"]
[TimeControl "180+1"]

1. e4 e5 2. Nf3 Nc6 3. Bc4 Bc5 4. O-O Nf6 5. d3 d6 6. c3 O-O 7. Nbd2 a6 
8. a4 Ba7 9. h3 Ne7 10. Re1 Ng6 11. d4 c6 12. Bf1 Re8 13. Qc2 Qc7 14. dxe5 Nxe5 
15. Nxe5 dxe5 16. a5 h6 17. Nf3 Qe7 18. Bd2 Nh7 19. Qc1 Nf8 20. b4 Be6 
21. c4 Rad8 22. c5 Bb8 23. Bc3 Ng6 24. g3 f6 25. Qe3 f5 26. exf5 Bxf5 
27. Rad1 Rxd1 28. Rxd1 Qe6 29. Kh2 Ne7 30. Nh4 Nd5 31. Qd2 Qf7 32. Nxf5 Qxf5 
33. Kg1 e4 34. Bc4 Rd8 35. Re1 Re8 36. Kg2 Kh7 37. Bd4 Be5 38. Bxe5 Rxe5 
39. Kh2 g6 40. Re2 Re7 41. Bb3 Qh5 42. Bc4 Qe5 43. h4 Kg7 44. Bb3 g5 
45. hxg5 hxg5 46. Bc2 e3 47. fxe3 Nxe3 48. Qd3 Kf8 49. Rf2+ Ke8 50. Rd2 Kf8 
51. Qd8+ Re8 52. Qd3 Ng4+ 53. Kh3 Ne3 54. Kh2 Re6 55. Qd8+ Re8 56. Qd3 1/2-1/2

[Event "Monday Night Engine Tour 13 Rd Swiss 3m+1s Starts at 2200hrs ST"]
[Site "Infinity Chess"]
[Date "2018.4.10"]
[Round "12"]
[White "RonWeasley"]
[Black "TasicV"]
[Result "1/2-1/2"]
[ECO "D30"]
[WhiteElo "2527"]
[BlackElo "2383"]
[WhiteEngine "BrainFish 090218_CTG"]
[BlackEngine "SugaR.XPrO.1.4.64.POCNT_CTG"]
[EventType "Swiss"]
[WhiteTeam ""]
[BlackTeam ""]
[PlyCount "114"]
[TimeControl "180+1"]

1. d4 d5 2. c4 e6 3. Nf3 Nf6 4. Nc3 c6 5. Bg5 h6 6. Bxf6 Qxf6 7. e3 Nd7 
8. Be2 g6 9. O-O Bg7 10. e4 dxe4 11. Nxe4 Qf4 12. Qc2 f5 13. Ned2 c5 14. g3 Qd6 
15. Nh4 Kf7 16. d5 e5 17. Rae1 h5 18. Kg2 Nf6 19. b4 b6 20. bxc5 bxc5 
21. Ndf3 Nh7 22. Bd3 Rf8 23. Nxf5 gxf5 24. Bxf5 Bxf5 25. Qxf5+ Kg8 26. Qxh5 Rae8 
27. Qh4 Qg6 28. Qe4 Qxe4 29. Rxe4 Rxf3 30. Kxf3 Ng5+ 31. Ke3 Nxe4 32. Kxe4 Rb8 
33. d6 Kf7 34. h4 Rb2 35. Rd1 Ke8 36. f3 Kd7 37. g4 Rxa2 38. h5 Ra4 39. g5 Rxc4+ 
40. Kf5 Bh8 41. Kg6 e4 42. Kh7 Bb2 43. fxe4 Rxe4 44. g6 c4 45. g7 Bxg7 
46. Kxg7 c3 47. h6 Rg4+ 48. Kf6 c2 49. Rc1 Rh4 50. Kg6 Rg4+ 51. Kf5 Rh4 
52. Kg6 Rg4+ 53. Kf5 Rh4 54. Rxc2 Rxh6 55. Ra2 Rh5+ 56. Kg6 Re5 57. Rxa7+ Kd8 
1/2-1/2